 Dungeon Crawl Stone Soup version 0.31-a0-221-gbddc013574 (webtiles) character file.

Game seed: 6201360839185269174

29 qw the Shooter (level 3, 0/21 HPs)
             Began as a Gargoyle Hexslinger on July 3, 2023.
             Slain by Terence
             ... wielding a +0 flail
              (4 damage)
             ... on level 1 of the Dungeon.
             The game lasted 00:00:17 (909 turns).

qw the Shooter (Gargoyle Hexslinger)                 Turns: 909, Time: 00:00:18

Health: 0/21       AC:  5    Str: 11    XL:     3   Next: 16%
Magic:  4/4        EV: 12    Int: 13    God:
Gold:   71         SH:  0    Dex: 20    Spells: 3/4 levels left

rFire   . . .        Y - +1 sling
rCold   . . .        (no shield)
rNeg    + . .        c - +0 robe
rPois   inf          (no helmet)
rElec   +            (no cloak)
rCorr   .            (no gloves)
SInv    .            (no boots)
Will    .....        (no amulet)
Stlth   ++           e - +6 ring of dexterity
HPRegen 0.23/turn    (no ring)
MPRegen 0.09/turn

%: no passive effects
@: no status effects
A: sickness immunity, AC +3, negative energy resistance 1, electricity
resistance, torment resistance 1, petrification resistance
a: no special abilities


You were on level 1 of the Dungeon.
You visited 1 branch of the dungeon, and saw 2 of its levels.

You collected 71 gold pieces.


Innate Abilities, Weirdness & Mutations

You are immune to sickness and miasma.
Your stone body is resilient. (AC +3)
You are immune to poison.
You resist negative energy. (rN+)
You are resistant to electric shocks. (rElec)
You are resistant to unholy torment.
You are immune to petrification.


   Skills:
 - Level 2.0 Fighting
 + Level 3.1 Ranged Weapons
 - Level 1.5 Dodging
 - Level 1.0 Spellcasting
 - Level 2.6 Hexes


You had 3 spell levels left.
You knew the following spells:

 Your Spells              Type           Power      Damage    Failure   Level
a - Slow                  Hex            28%        N/A       10%         1

Your spell library contained the following spells:

 Spells                   Type           Power      Damage    Failure   Level
 Inner Flame              Hex/Fire       4%         N/A       43%         3
 Portal Projectile        Hex/Tloc       8%         N/A       43%         3
 Cause Fear               Hex            3%         N/A       67%         4

Inventory:

Hand Weapons
 Y - a +1 sling (weapon)
Armour
 c - a +0 robe (worn)
Jewellery
 e - a +6 ring of dexterity (left hand)
Potions
 d - a potion of curing
 h - a potion of heal wounds {unknown}

Dungeon Overview and Level Annotations

Branches:
Dungeon (2/15)

Altars:

Shops:
D:1 [

Annotations:
D:1 Terence


Message History

The ball python bites you but does no damage.
The ball python grabs you. The ball python constricts you.
You shoot a sling bullet. The sling bullet hits the ball python.
The ball python is heavily wounded.
The jackal bites you. The jackal closely misses you. The jackal bites you.
Terence hits you with a +0 flail.
The ball python bites you but does no damage.
The ball python constricts you. The jackal barely misses you. x2
The jackal bites you.
You shoot a sling bullet. The sling bullet hits the ball python.
You kill the ball python!
The jackal bites you but does no damage. x2
Terence misses you.
The jackal bites you but does no damage.
The jackal closely misses you. The jackal bites you.
The jackal completely misses you. Terence barely misses you.
906 ||| STAIRDANCE The jackal barely misses you.
The jackal closely misses you. The jackal barely misses you.
Terence closely misses you.
You climb upwards.
There is a stone staircase leading down here.
Enter note:
Enter note:
Enter note:
Enter note:
Enter note:
Enter note:
Enter note: You shoot a sling bullet.
The sling bullet hits Terence but does no damage.
The jackal bites you. The jackal closely misses you. The jackal misses you.
The worm misses you. Terence closely misses you.
The jackal bites you but does no damage.
The jackal barely misses you. The jackal closely misses you.
You shoot a sling bullet. The sling bullet hits Terence!
Terence is heavily wounded.
The jackal misses you.
The jackal bites you but does no damage.
The jackal misses you. Terence hits you with a +0 flail.
You die...

######..##.##.....#.##.....#.....
#......)......##..#.##..#.##.##..
#.####............#.##..#.##.....
#.#####.##.##.##..#.#.....##.....
#.#...........##..#....##.######.
........##.##.##........#.######.
..#...........##....##...........
...............@hw...............
..###########)##@h...............
..###########.##h.#.............#
..........................#.###.#
..#......####.#####.##..#.#......
.%#..............................
..#......####.#####.###.###...#.#
..#......# #...........# #...#.#
..#......# #..###..##### #...#.#
#.#......# #..###..# #...#.#


You could see Terence, a worm and 3 jackals.

Vanquished Creatures
  2 dart slugs (D:1)
  3 endoplasms (D:1)
  2 goblins (D:1)
  2 hobgoblins (D:1)
  3 jackals (D:1)
  A quokka (D:1)
  2 ball pythons (D:2)
  5 bats (D:1)
  A kobold (D:1)
  2 rats (D:1)
23 creatures vanquished.

Notes
Turn   | Place    | Note
-------+----------+-------------------------------------------
     0 | D:1      | qw the Gargoyle Hexslinger began the quest for the Orb.
     0 | D:1      | Reached XP level 1. HP: 12/12 MP: 2/2
     0 | D:1      | 0 ||| qw: Version: 0.3-a-40-ge99b1a8
     0 | D:1      | 0 ||| qw: Game counter: 543
     0 | D:1      | 0 ||| qw: Melee chars always use a shield: true
     0 | D:1      | 0 ||| qw: God list: Okawaru
     0 | D:1      | 0 ||| qw: Allow faded altars: false
     0 | D:1      | 0 ||| qw: Do Orc after clearing Dungeon:15 true
     0 | D:1      | 0 ||| qw: Do second Lair branch before Depths: true
     0 | D:1      | 0 ||| qw: Lair rune preference: random
     0 | D:1      | 0 ||| qw: Goals: Normal
     0 | D:1      | 0 ||| PLANNING D:1-11
   100 | D:1      | Reached XP level 2. HP: 16/16 MP: 3/3
   220 | D:1      | Reached skill level 3 in Ranged Weapons
   356 | D:1      | Found Hidocimm's Antique Armour Boutique.
   402 | D:1      | 402 ||| SHOPLISTING glowing leather armour (150 gold, have
                  | 49).
   402 | D:1      | 402 ||| SHOPLISTING leather armour (60 gold, have 49).
   402 | D:1      | 402 ||| SHOPLISTING ring mail (120 gold, have 49).
   402 | D:1      | 402 ||| SHOPLISTING smoking ring mail (270 gold, have 49).
   550 | D:1      | Reached XP level 3. HP: 21/21 MP: 4/4
   854 | D:1      | 854 ||| UPGRADING to +6 ring of dexterity.
   855 | D:1      | 855 ||| READING scroll labelled TIRPHE ILUEWK.
   856 | D:1      | 856 ||| READING scroll labelled IQEWEROKIR.
   857 | D:1      | 857 ||| DRINKING 2 black potions.
   858 | D:1      | 858 ||| DROPPING scroll of poison.
   901 | D:2      | Noticed Terence
   905 | D:2      | HP: 5/21 [jackal (1)]
   906 | D:2      | 906 ||| STAIRDANCE
   909 | D:1      | Slain by Terence

Levels and vault maps discovered:
D:1:      lightli_arrival_chessboard, layout_basic, serial_shops,
          nicolae_shop_tiny_glass
D:2:      layout_loops_ring, serial_rivers, chequers_serial_rivers_room_a,
          chequers_serial_rivers_marsh, chequers_serial_rivers_room_b,
          chequers_serial_rivers_room_a, chequers_serial_rivers_micro_a,
          chequers_serial_rivers_micro_c, shapermc_ecumenical_altar_rom_forum,
          grunt_ministairs_9, minivault_14, uniq_terence, uniq_sigmund

Skill      XL: |  1  2  3 |
---------------+----------+-----
Ranged Weapons | 3 |  3.1
Fighting       | 2 |  2.0
Dodging        | |  1.5
Spellcasting   | |  1.0
Hexes          | |  2.6

Action                     || total
---------------------------++-------
   Fire: Sling             ||    66
    Use: Scroll            ||     2
         Potion            ||     1
 Armour: Robe              ||    11
  Dodge: Dodged            ||    40

Table legend:
 A = Non-vault XP
 B = Vault XP
 C = Vault XP percentage of total XP
 D = Non-vault monster count
 E = Vault monster count
 F = Vault count percentage of total count
                 A         B        C        D         E       F
            +---------+---------+-------+---------+---------+-------
      Total |      42 |       0 |   0.0 |      23 |       0 |   0.0
            +---------+---------+-------+---------+---------+-------
        D:1 |      39 |       0 |   0.0 |      21 |       0 |   0.0
        D:2 |       3 |       0 |   0.0 |       2 |       0 |   0.0
            +---------+---------+-------+---------+---------+-------
